 Dungeon Crawl Stone Soup version 0.25.0-11-g1f837a76a1 (webtiles) character file.

Game seed: 15971774914793286763

39750 protoss039 the Eclecticist (level 13, 0/63 HPs)
             Began as a Deep Elf Earth Elementalist on June 28, 2020.
             Was a High Priest of Vehumet.
             Shot with an arrow by a centaur warrior (7 damage)
             ... on level 14 of the Dungeon.
             The game lasted 01:04:27 (17172 turns).

protoss039 the Eclecticist (DEEE)                  Turns: 17172, Time: 01:04:28

Health: 0/63       AC:  7    Str:  5    XL:     13   Next: 70%
Magic:  3/39       EV: 13    Int: 37    God:    Vehumet [*****.]
Gold:   669        SH:  0    Dex: 15    Spells: 37/52 levels left

rFire    . . .     SeeInvis +   I - +3 shortbow of Accidental Termination {flame, Int+5}
rCold    + . .     Gourm    .   (shield currently unavailable)
rNeg     . . .     Faith    .   c - +1 robe
rPois    .         Spirit   .   n - +0 helmet {SInv}
rElec    .         Reflect  .   B - +1 cloak
rCorr    .         Harm     .   f - +0 pair of gloves
MR       +....                  (no boots)
Stlth    ++........             w - amulet of regeneration
HPRegen  0.60/turn              x - +6 ring of intelligence
MPRegen  0.26/turn              l - ring of protection from cold

@: about to teleport, very slightly contaminated
A: no striking features
a: Renounce Religion


You were on level 14 of the Dungeon.
You worshipped Vehumet.
Vehumet was extremely pleased with you.
You were not hungry.

You visited 2 branches of the dungeon, and saw 15 of its levels.
You also visited: Ice Cave.

You collected 781 gold pieces.
You spent 112 gold pieces at shops.

Inventory:

Hand Weapons
 p - a +1 war axe of holy wrath
 y - a +3 quarterstaff of chaos
 I - the +3 shortbow of Accidental Termination (weapon) {flame, Int+5}
   (You found it on level 10 of the Dungeon)

   It causes projectiles fired from it to burn those they strike, causing extra
   injury to most foes and up to half again as much damage against particularly
   susceptible opponents.
   It affects your intelligence (+5).
Missiles
 b - 143 stones
 J - 260 arrows (quivered)
Armour
 c - a +1 robe (worn)
 f - a +0 pair of gloves (worn)
 n - a +0 helmet of see invisible (worn)
 B - a +1 cloak (worn)
 L - a +0 animal skin of cold resistance
Jewellery
 a - an uncursed amulet of magic regeneration
 l - a ring of protection from cold (right hand)
 t - an uncursed ring of fire
 w - an amulet of regeneration (around neck)
 x - a +6 ring of intelligence (left hand)
Wands
 k - a wand of clouds (5)
 A - a wand of acid (9)
 C - a wand of flame (19)
 F - a wand of paralysis (10)
 G - a wand of iceblast (11)
 H - a wand of random effects (11)
 K - a wand of polymorph (13)
Scrolls
 e - a scroll of teleportation
 j - 2 scrolls of amnesia
 m - a scroll of identify
 q - 3 scrolls of enchant weapon
 s - 6 scrolls of blinking
 u - 4 scrolls of fog
 v - 5 scrolls of remove curse
Potions
 g - a potion of magic
 h - 4 potions of cancellation
 r - a potion of degeneration {unknown}
 z - 4 potions of mutation
 E - 2 potions of flight
Comestibles
 d - 22 rations
 i - 6 chunks of flesh


   Skills:
 - Level 2.4 Dodging
 - Level 2.4 Stealth
 * Level 20.4 Spellcasting
 + Level 3.4 Conjurations
 + Level 1.9 Transmutations
 * Level 16.9 Earth Magic


You had 37 spell levels left.
You knew the following spells:

 Your Spells              Type           Power        Failure   Level  Hunger
a - Sandblast             Erth           ######       0%          1    None
b - Passwall              Tmut/Erth      #######.     1%          2    None
c - Stone Arrow           Conj/Erth      ######       1%          3    None
d - Petrify               Tmut/Erth      #######.     1%          4    None
e - Lee's Rapid Deconstr  Erth           ########..   0%          5    None

Your spell library contained the following spells:

 Spells                   Type           Power        Failure   Level  Hunger
 Bolt of Magma            Conj/Fire/Erth ######....   1%          5    None
 Magic Dart               Conj           ####         1%          1    None
 Ensorcelled Hibernation  Hex/Ice        #####.       1%          2    None
 Searing Ray              Conj           ######       1%          2    None
 Dazzling Flash           Conj/Hex       ######       1%          3    None
 Fulminant Prism          Conj/Hex       ######....   1%          4    None
 Iskenderun's Mystic Bla  Conj/Tloc      ######..     1%          4    None
 Borgnjor's Vile Clutch   Necr/Erth      #######...   1%          5    None
 Silence                  Hex/Air        #####.....   21%         5    None
 Darkness                 Hex            #####.....   75%         6    None
 Shadow Creatures         Summ           N/A          75%         6    None


Dungeon Overview and Level Annotations

Branches:
Dungeon (14/15)            Temple (1/1) D:7            Lair (0/6) D:8
    Orc (0/2) D:10          IceCv (visited)
 Vaults: D:13-14

Altars:
Ashenzari
Cheibriados
Dithmenos
Elyvilon
Fedhas
Gozag
Hepliaklqana
Kikubaaqudgha
Makhleb
Nemelex Xobeh
Okawaru
Qazlal
Ru
Sif Muna
Trog
Uskayaw
Vehumet
Wu Jian
Xom
Yredelemnul
Zin
The Shining One
Beogh

Shops:
D:11 *   D:12 ?

Portals:
Trove: D:10 (give +3 ice dragon scales)

Annotations:
D:3 2 transporters
D:11 1 exclusion


Message History

The centaur warrior is lightly wounded.
b - 143 stones The centaur warrior hits you but does no damage.
The centaur warrior hits you!
* * * LOW HITPOINT WARNING * * *
Unknown command.
Casting: Sandblast (safe; 0% risk of failure)
Confirm with . or Enter, or press ? or * to list all spells.
Aiming: Sandblast (safe; 0% risk of failure)
Press: ? - help, Shift-Dir - straight line, f/p - centaur warrior
Aim: a centaur warrior, quivering 21 arrows (lightly wounded)
Okay, then.
As you read the scroll of teleportation, it crumbles to dust.
You feel strangely unstable. The centaur warrior hits you!
* * * LOW HITPOINT WARNING * * *
Unknown command.
Okay, then.
The centaur warrior wields a +0 shortbow.
The centaur warrior shoots an arrow.
The arrow hits you!
You die...

#...#..##
##..c# ##
#...##
##... #...#
#.).##
##.cT#
#...###
##..@(#
#....#
##...#
#....
......
#.......
.........
#...#####..
#†.#


You could see a centaur warrior and a troll.

Vanquished Creatures
  A frost giant (IceCv)
  A centaur warrior (D:13)
  6 two-headed ogres
  4 death yaks (IceCv)
  2 unseen horrors (D:12)
  A wizard (D:12)
  An orc knight (D:10)
  A deep elf archer (D:12)
  3 manticores
  6 ugly things
  2 cyclopes
  An elephant (D:8)
  An ice statue (IceCv)
  4 gargoyles
  2 centaur skeletons
  2 rime drakes (D:13)
  4 kobold demonologists
  A freezing wraith (D:12)
  2 tengu conjurers
  13 polar bears (IceCv)
  2 trolls
  A hornet (D:12)
  4 hippogriffs
  A raiju (shapeshifter) (D:13)
  A centaur simulacrum (D:14)
  Sigmund (D:2)
  31 yaks
  A spriggan (D:9)
  A wyvern (D:8)
  A hungry ghost (D:12)
  10 vampire mosquitoes
  A basilisk (D:10)
  The ghost of shadizar the Insei, an amateur OpTm (D:4)
  2 soldier ants
  A water moccasin (D:12)
  9 orc warriors
  5 sky beasts
  A black bear (D:10)
  6 ogres
  3 phantoms
  4 ice beasts
  14 centaurs
  14 wolves (IceCv)
  12 big kobolds
  2 crocodiles (D:8)
  8 bullfrogs
  6 scorpions
  17 killer bees
  3 wights (D:10)
  A howler monkey (D:7)
  7 crimson imps
  2 centaur zombies
  2 jellies
  A quasit (D:10)
  A bullfrog zombie (D:11)
  3 hounds
  9 orc wizards
  7 orc priests
  3 bullfrog skeletons
  Crazy Yiuf (D:5)
  Jessica (D:2)
  2 iguanas
  8 worker ants
  A killer bee zombie (D:8)
  A bullfrog simulacrum (D:4)
  A hound skeleton (D:8)
  4 gnolls (D:7)
  15 adders
  2 hound simulacra (D:4)
  2 shadow imps
  A white imp (D:4)
  A worker ant simulacrum (D:4)
  An ooze (D:1)
  2 adder skeletons
  An adder zombie (D:6)
  2 worms (D:2)
  A dart slug (D:2)
  An adder simulacrum (D:4)
  4 leopard geckos
  49 orcs
  A ball python (D:1)
  9 bats
  4 giant cockroaches
  7 goblins
  4 hobgoblins
  10 jackals
  34 kobolds
  5 quokkas
  4 frilled lizards
  A jackal simulacrum (D:4)
  A jackal skeleton (D:6)
  A leopard gecko skeleton (D:8)
  A leopard gecko zombie (D:7)
  A quokka skeleton (D:4)
  5 rats
446 creatures vanquished.

Notes
Turn   | Place    | Note
-------+----------+-------------------------------------------
     0 | D:1      | protoss039 the Deep Elf Earth Elementalist began the quest
                  | for the Orb.
     0 | D:1      | Reached XP level 1. HP: 10/10 MP: 6/6
   204 | D:1      | Reached XP level 2. HP: 3/15 MP: 4/8
  1394 | D:2      | Found a sparkling altar of Nemelex Xobeh.
  1420 | D:2      | Reached XP level 3. HP: 19/19 MP: 5/10
  1709 | D:2      | Reached skill level 4 in Spellcasting
  1730 | D:2      | Noticed Jessica
  1733 | D:2      | Killed Jessica
  1764 | D:2      | Reached XP level 4. HP: 23/24 MP: 10/12
  2664 | D:2      | Noticed Sigmund
  2678 | D:2      | Killed Sigmund
  2678 | D:2      | Reached skill level 6 in Spellcasting
  2678 | D:2      | Reached skill level 5 in Earth Magic
  2678 | D:2      | Reached XP level 5. HP: 17/28 MP: 8/15
  2678 | D:2      | Reached XP level 6. HP: 19/32 MP: 9/17
  3149 | D:2      | Found a snail-covered altar of Cheibriados.
  3279 | D:2      | Learned a level 2 spell: Passwall
  3283 | D:2      | Learned a level 3 spell: Stone Arrow
  3379 | D:3      | Found a transporter.
  3392 | D:3      | Found a transporter.
  3615 | D:3      | Found a blossoming altar of Fedhas.
  3840 | D:3      | Reached skill level 7 in Spellcasting
  3880 | D:3      | Found a white marble altar of Elyvilon.
  4249 | D:4      | Found a runed translucent gate.
  4249 | D:4      | Found a runed translucent gate.
  4249 | D:4      | Found a runed translucent gate.
  4304 | D:4      | Found a hazy altar of Hepliaklqana.
  4403 | D:4      | Reached XP level 7. HP: 36/36 MP: 18/20
  4525 | D:4      | Noticed shadizar's ghost (amateur OpTm)
  4732 | D:4      | Learned a level 4 spell: Petrify
  4738 | D:4      | Learned a level 5 spell: Lee's Rapid Deconstruction
  4969 | D:4      | Reached skill level 8 in Spellcasting
  4993 | D:4      | Killed shadizar's ghost
  5178 | D:5      | Entered Level 5 of the Dungeon
  5346 | D:5      | Reached skill level 9 in Spellcasting
  5486 | D:5      | Reached XP level 8. HP: 41/41 MP: 19/23
  6098 | D:5      | Found a runed translucent door.
  6099 | D:5      | Noticed Crazy Yiuf
  6311 | D:5      | Killed Crazy Yiuf
  6535 | D:6      | Reached skill level 10 in Spellcasting
  6660 | D:6      | Reached skill level 1 in Conjurations
  7465 | D:7      | Reached skill level 11 in Spellcasting
  7628 | D:7      | Reached XP level 9. HP: 45/45 MP: 17/26
  7939 | D:7      | Found a staircase to the Ecumenical Temple.
  8072 | Temple   | Entered the Ecumenical Temple
  8191 | Temple   | Became a worshipper of Vehumet
  8372 | D:7      | Reached skill level 10 in Earth Magic
  8705 | D:8      | Reached skill level 12 in Spellcasting
  8711 | D:8      | Noticed a two-headed ogre
  8726 | D:8      | Killed a two-headed ogre
  8811 | D:8      | Noticed an elephant
  8820 | D:8      | Killed an elephant
  8820 | D:8      | Reached skill level 13 in Spellcasting
  8909 | D:8      | Reached XP level 10. HP: 50/50 MP: 17/29
  8988 | D:8      | Found a staircase to the Lair.
  9188 | D:8      | Found a sacrificial altar of Ru.
  9211 | D:8      | Reached * piety under Vehumet
  9211 | D:8      | Offered knowledge of Shock by Vehumet.
  9623 | D:8      | Offered knowledge of Freeze by Vehumet.
  9625 | D:8      | Reached skill level 14 in Spellcasting
  9948 | D:8      | Found a hide-covered altar of Uskayaw.
 10154 | D:8      | Noticed a two-headed ogre
 10189 | D:8      | Killed a two-headed ogre
 10490 | D:9      | Reached ** piety under Vehumet
 10542 | D:9      | Reached skill level 15 in Spellcasting
 10983 | D:9      | Found a burning altar of Makhleb.
 10983 | D:9      | Found a shadowy altar of Dithmenos.
 10984 | D:9      | Found a bloodstained altar of Trog.
 10984 | D:9      | Found an iron altar of Okawaru.
 10985 | D:9      | Found a shattered altar of Ashenzari.
 10986 | D:9      | Found an ornate altar of the Wu Jian Council.
 11158 | D:9      | Reached XP level 11. HP: 54/54 MP: 27/32
 11571 | D:10     | Entered Level 10 of the Dungeon
 11801 | D:10     | Found a portal to a secret trove of treasure.
 12078 | D:10     | Got a slimy shortbow
 12079 | D:10     | Identified the cursed +3 shortbow of Accidental Termination
                  | {flame, Int+5} (You found it on level 10 of the Dungeon)
 12172 | D:10     | Offered knowledge of Ignite Poison by Vehumet.
 12183 | D:10     | Reached skill level 16 in Spellcasting
 12353 | D:10     | Reached *** piety under Vehumet
 12454 | D:10     | Noticed an orc knight
 12459 | D:10     | Killed an orc knight
 12466 | D:10     | Offered knowledge of Static Discharge by Vehumet.
 12490 | D:10     | Found a roughly hewn altar of Beogh.
 12490 | D:10     | Found a staircase to the Orcish Mines.
 12724 | D:11     | Noticed a two-headed ogre
 12726 | D:11     | Killed a two-headed ogre
 12915 | D:11     | Noticed a cyan ugly thing
 12921 | D:11     | Killed a cyan ugly thing
 12948 | D:11     | Noticed a red ugly thing
 12953 | D:11     | Reached **** piety under Vehumet
 12961 | D:11     | Killed a red ugly thing
 12986 | D:11     | Offered knowledge of Iskenderun's Battlesphere by Vehumet.
 13127 | D:11     | Found Zelopn's Assorted Antiques.
 13266 | D:11     | Reached skill level 17 in Spellcasting
 13270 | D:11     | Reached XP level 12. HP: 59/59 MP: 24/35
 13645 | D:12     | Noticed a two-headed ogre
 13859 | D:12     | Killed a two-headed ogre
 13971 | D:12     | Noticed a two-headed ogre
 13977 | D:12     | Killed a two-headed ogre
 13977 | D:12     | Reached skill level 15 in Earth Magic
 13983 | D:12     | Reached ***** piety under Vehumet
 13983 | D:12     | Offered knowledge of Yara's Violent Unravelling by Vehumet.
 14117 | D:12     | Reached skill level 18 in Spellcasting
 14322 | D:12     | Found Queriath's Magic Scroll Shoppe.
 14836 | D:12     | Bought a scroll of identify for 30 gold pieces
 14836 | D:12     | Bought a scroll of identify for 30 gold pieces
 14836 | D:12     | Bought a scroll of magic mapping for 52 gold pieces
 14876 | D:13     | Noticed a two-headed ogre
 14917 | D:13     | Noticed a centaur warrior
 14956 | D:13     | Found a frozen archway.
 15051 | IceCv    | Entered an ice cave
 15213 | IceCv    | Reached skill level 19 in Spellcasting
 15258 | IceCv    | Noticed a death yak
 15258 | IceCv    | Noticed a death yak
 15265 | IceCv    | Killed a death yak
 15265 | IceCv    | Reached XP level 13. HP: 49/63 MP: 6/38
 15718 | IceCv    | Noticed a frost giant
 15986 | IceCv    | Killed a frost giant
 16255 | D:13     | Reached skill level 20 in Spellcasting
 16946 | D:14     | Offered knowledge of Bolt of Magma by Vehumet.
 17134 | D:14     | Identified the ring of Tairar {Wiz *Slow rC+ Dex+4 Stlth+}
 17172 | D:14     | Shot with an arrow by a centaur warrior

Illustrated notes

Levels and vault maps discovered:
D:1:      grunt_arrival_crossed_arrows, layout_basic, minmay_misc_feat_x,
          minivault_4, skrybe_limestone_x
D:2:      layout_basic, nemelex_xobeh_ov_fountains_minmay, marbit_many_paths,
          minmay_liquid_box, roderic_serpentine_path, uniq_sigmund, uniq_jessica
D:3:      gammafunk_wand_slinger, layout_basic, elyvilon_altar_1,
          grunt_ministairs_2, fedhas_altar_fruit_tree
D:4:      layout_loops_ring, lemuel_doored_altar, gammafunk_ghost_icy,
          first_ration, minmay_between
D:5:      layout_basic, uniq_crazy_yiuf_cottage
D:6:      layout_gridville, st_stairs_13, hangedman_abyss_or_decor_slice,
          minmay_misc_feat_five, corexii_corridor_pit
D:7:      layout_basic, temple_green
D:8:      layout_layer_cave, kennysheep_little_box,
          nicolae_overflow_crystal_walls, david_lair_generic, special_room
          [special_room_kobold]
D:9:      layout_basic, grunt_temple_overflow_open, the_bakery
D:10:     layout_roguey, david_orc_5, enter_trove_2
D:11:     layout_rooms, serial_shops, shop_statue
D:12:     minmay_diamond_stairs, layout_irregular_city, serial_shops,
          kennysheep_mini, serial_column_ruins, column_ruins_square_large,
          column_ruins_hut_pillars, column_ruins_open_small,
          column_ruins_open_small, column_ruins_columns_water,
          column_ruins_open_tiny, column_ruins_open_small_water
D:13:     layout_small_grid, portal_ice_cave_rime
D:14:     kennysheep_kobold_grotto, layout_small_grid,
          lightli_vaults_fourway_checkpoint, nicolae_two_hexagons,
          ebering_ghost_funeral_grove, minivault_25_ag, uniq_kirke
Temple:   nicolae_temple_figure_zero

Skill      XL: |  1  2  3  4  5  6  7  8  9 10 11 12 13 |
---------------+----------------------------------------+-----
Earth Magic    | 4 5 6 7 9 11 12 14 15 16 | 16.9
Spellcasting   | 4 6 7 9 11 13 15 17 19 20 | 20.4
Conjurations   | 1 2 3 |  3.4
Dodging        | |  2.4
Stealth        | |  2.4
Transmutations | |  1.9

Action                   |  1- 3 |  4- 6 |  7- 9 | 10-12 | 13-15 || total
-------------------------+-------+-------+-------+-------+-------++-------
Melee: Hand axe          |    49 |    79 |       |       |       ||   128
       Short sword       |       |     1 |     1 |       |       ||     2
       Quarterstaff      |       |       |       |     5 |       ||     5
 Fire: Shortbow          |       |       |       |    41 |    10 ||    51
 Cast: Sandblast         |    28 |    52 |    76 |   162 |    42 ||   360
       Stone Arrow       |       |       |    42 |    60 |    16 ||   118
       Lee's Rapid Decon |       |       |    11 |   117 |    57 ||   185
       Petrify           |       |       |       |     2 |       ||     2
       Passwall          |       |       |       |     1 |       ||     1
  Use: Scroll            |     3 |     5 |     7 |    13 |     7 ||    35
       Potion            |       |       |     1 |     5 |     5 ||    11
 Stab: Sleeping          |     1 |       |       |       |       ||     1
  Eat: Chunk             |     3 |     8 |    12 |    14 |     6 ||    43
       Ration            |       |       |     1 |     2 |       ||     3
Armor: Robe              |    24 |    25 |     8 |    30 |     7 ||    94
       Skin              |       |       |       |     5 |       ||     5
Dodge: Dodged            |    82 |    81 |    19 |   101 |    21 ||   304
